 Dungeon Crawl Stone Soup version 0.17-a0-2127-g1cb09f6 (webtiles) character file.

288 tp1 the Magician (level 6, 0/48 HPs)
             Began as a Deep Elf Conjurer on Oct 23, 2015.
             Slain by a slave (6 damage)
             ... led by Pikel
             ... on level 4 of the Dungeon.
             The game lasted 00:22:31 (3538 turns).

tp1 the Magician (Deep Elf Conjurer)                Turns: 3538, Time: 00:22:31

Health: 0/48       AC: 23    Str:  2 (5)  XL:     6   Next: 9%
Magic:  0/17       EV:  2    Int: 22      God:
Gold:   200        SH:  0    Dex: 15      Spells: 4 memorised, 6 levels left

rFire  . . .     SeeInvis .     o - +2 dagger (venom)
rCold  . . .     Clarity  .     (armour currently unavailable)
rNeg   + + +     SustAt   .     (no shield)
rPois  +         Gourm    .     (helmet currently unavailable)
rElec  .         Spirit   .     (cloak currently unavailable)
rCorr  .         Warding  .     (gloves currently unavailable)
rMut   .         NoTele   +     (boots currently unavailable)
MR     .....                    (no amulet)
Stlth  +++.......               w - ring of flight
                                s - ring of poison resistance

@: tree-form (expiring), not resistant to hostile enchantments, fairly stealthy
A: no striking features
a: no special abilities


You were on level 4 of the Dungeon.
You were not hungry.
You were a tree.
You visited 1 branch of the dungeon, and saw 4 of its levels.

You collected 200 gold pieces.

Inventory:

Hand Weapons
 e - a +0 short sword
 j - a +0 dagger of holy wrath
 o - a +2 dagger of venom (weapon)
Armour
 a - a +1 robe (melded)
Jewellery
 s - a ring of poison resistance (left branch)
 u - an uncursed ring of positive energy
 w - a ring of flight (right branch)
Wands
 x - a wand of fireball (5)
Scrolls
 d - 4 scrolls of enchant armour
 f - 3 scrolls of identify
 g - 4 scrolls of remove curse
 l - 3 scrolls of teleportation {unknown}
 m - a scroll of immolation {unknown}
 n - a scroll of blinking {unknown}
 p - a scroll of magic mapping {unknown}
 r - a scroll of enchant weapon {unknown}
 t - a scroll of random uselessness {unknown}
 y - a scroll of fog {unknown}
Potions
 h - a potion of invisibility {unknown}
Books
 b - a book of Conjurations

   Spells                             Type                      Level
   a - Magic Dart                     Conjuration                  1
   b - Searing Ray                    Conjuration                  2
   c - Dazzling Spray                 Conjuration/Hexes            3
   d - Fulminant Prism                Conjuration/Hexes            4
   e - Iskenderun's Mystic Blast      Conjuration                  4
   f - Iskenderun's Battlesphere      Conjuration/Charms           5
Comestibles
 c - 5 bread rations
 i - 2 slices of pizza
 k - a chunk of flesh
 q - 2 beef jerkies


   Skills:
 - Level 2.4 Dodging
 - Level 2.4 Stealth
 - Level 6.0 Spellcasting
 - Level 6.0 Conjurations
 + Level 3.7 Charms


You had 6 spell levels left.
You knew the following spells:

 Your Spells              Type           Power        Failure   Level  Hunger
a - Magic Dart            Conj           ####         1%          1    None
b - Searing Ray           Conj           ####..       1%          2    None
c - Dazzling Spray        Conj/Hex       ###.....     10%         3    #......
d - Iskenderun's Battles  Conj/Chrm      ####....     38%         5    #####..


Dungeon Overview and Level Annotations

Branches:
Dungeon (4/15)
 Temple: D:4-7

Altars:
Trog

Annotations:
D:4 Pikel


Message History

Pikel hits you with a whip of freezing.
* * * LOW HITPOINT WARNING * * *
Pikel freezes you.
* * * LOW HITPOINT WARNING * * *
The slave hits you but does no damage. The slave barely misses you.
Casting: Magic Dart
Confirm with . or Enter, or press ? or * to list all spells.
Aiming: Magic Dart
Press: ? - help, Shift-Dir - straight line, f/p - Pikel
Aim: Pikel, wielding a whip of freezing, wearing a runed robe and carrying a wand of polymorph {zapped: 9} (almost dead, poisoned)
The magic dart hits Pikel.
Pikel is almost dead.
The slave barely misses you. The slave hits you but does no damage.
Pikel hits you but does no damage. The slave hits you but does no damage.
The slave hits you but does no damage.
You hit Pikel but do no damage.
Pikel looks even sicker.
Pikel is almost dead.
The slave hits you but does no damage. x3
Pikel zaps a wand.
The slave hits you.
You die...

##........# #..#......#
#.##.....#.####
.....#####....#
....#########.##########
............#..........#
.###.######............#
## #...######.%ppp......
# ####.........p♣K.$....
# #.......#......†.....#
..################.....#
### .....# ....# ....#
####


You could see Pikel and 4 slaves.

Vanquished Creatures
  A giant frog skeleton (D:3)
  An orc priest (D:4)
  2 orc wizards (D:4)
  A worker ant (D:4)
  5 adders
  3 worms
  2 giant geckos
  3 orcs (D:4)
  2 giant cockroaches
  10 goblins
  9 hobgoblins
  16 jackals
  3 quokkas
  6 ball pythons
  8 bats
  6 giant newts
  10 kobolds
  7 rats
95 creatures vanquished.

Notes
Turn   | Place    | Note
--------------------------------------------------------------
     0 | D:1      | tp1 the Deep Elf Conjurer began the quest for the Orb.
     0 | D:1      | Reached XP level 1. HP: 10/10 MP: 6/6
   164 | D:1      | Reached XP level 2. HP: 15/15 MP: 2/8
   486 | D:1      | Reached XP level 3. HP: 19/19 MP: 7/11
   526 | D:1      | Learned a level 2 spell: Searing Ray
   530 | D:1      | Learned a level 3 spell: Dazzling Spray
   611 | D:2      | Reached skill level 5 in Spellcasting
   940 | D:2      | Reached XP level 4. HP: 24/24 MP: 10/13
  1024 | D:2      | Reached skill level 6 in Spellcasting
  1599 | D:3      | Reached skill level 5 in Conjurations
  1836 | D:3      | Reached XP level 5. HP: 16/28 MP: 9/15
  1861 | D:3      | Learned a level 5 spell: Iskenderun's Battlesphere
  3285 | D:4      | Noticed a phantom
  3323 | D:4      | Found a bloodstained altar of Trog.
  3381 | D:4      | Reached XP level 6. HP: 32/32 MP: 13/17
  3512 | D:4      | Noticed a slave
  3513 | D:4      | Noticed a slave
  3515 | D:4      | Noticed Pikel
  3516 | D:4      | Noticed a slave
  3522 | D:4      | Noticed a slave
  3538 | D:4      | Slain by a slave

Vault maps used:
D:1:      minmay_arrival_jagged
D:2:      minmay_unequal
D:4:      serial_shops, kennysheep_little_box, bloody_trog,
          uniq_crazy_yiuf_cottage, uniq_pikel

Action                   |  1- 3 |  4- 6 || total
-------------------------+-------+-------++-------
Melee: Dagger            |     1 |    23 ||    24
 Cast: Magic Dart        |    71 |   133 ||   204
       Dazzling Spray    |       |     4 ||     4
       Searing Ray       |       |     7 ||     7
Evoke: Wand              |       |     1 ||     1
  Use: Potion            |       |     4 ||     4
       Scroll            |       |     3 ||     3
 Stab: Invisible         |       |     1 ||     1
  Eat: Chunk             |       |     8 ||     8
